 Dungeon Crawl Stone Soup version 0.31-a0-331-geda263fcf1 (webtiles) character file.

Game seed: 17858984827000502620

4 cforsyth the Digger (level 1, 0/11 (13) HPs)
             Began as a Vampire Earth Elementalist on July 20, 2023.
             Slain by a kobold
             ... wielding a +2 short sword of draining
              (2 damage)
             ... on level 1 of the Dungeon.
             The game lasted 00:00:13 (201 turns).

cforsyth the Digger (Vampire Earth Elementalist)     Turns: 201, Time: 00:00:13

HP:   0/11 (13)     AC:  2    Str:  7    XL:     1   Next: 58%
MP:   1/3           EV: 12    Int: 17    God:
Gold: 18            SH:  0    Dex: 14    Spells: 3/4 levels left

rFire   . . .        (no weapon)
rCold   . . .        (no shield)
rNeg    . . .        a - +0 robe
rPois   .            (no helmet)
rElec   .            (no cloak)
rCorr   .            (no gloves)
SInv    +            (no boots)
Will    .....        (no amulet)
Stlth   ++           (no ring)
HPRegen 0.41/turn    (no ring)
MPRegen 0.08/turn

%: no passive effects
@: healing quickly, heavily drained
A: alive, fangs 3, see invisible, vampiric 1
a: Exsanguinate


You were on level 1 of the Dungeon.
You visited 1 branch of the dungeon, and saw 1 of its levels.

You collected 18 gold pieces.

Inventory:

Armour
 a - a +0 robe (worn)
Scrolls
 c - a scroll of vulnerability {unknown}
Potions
 b - a potion of magic


   Skills:
 - Level 2.1 Dodging
 - Level 3.0 Stealth
 + Level 2.1 Spellcasting
 + Level 1.4 Transmutations
 + Level 3.1 Earth Magic


You had 3 spell levels left.
You knew the following spells:

 Your Spells              Type           Power      Damage    Failure   Level
a - Sandblast             Erth           24%        2d8       5%          1

Your spell library contained the following spells:

 Spells                   Type           Power      Damage    Failure   Level
 Passwall                 Tmut/Erth      7%         N/A       12%         2
 Stone Arrow              Conj/Erth      14%        3d7       30%         3
 Petrify                  Tmut/Erth      9%         N/A       58%         4


Dungeon Overview and Level Annotations

Branches:
Dungeon (1/15)

Altars:


Innate Abilities, Weirdness & Mutations

Your natural rate of healing is accelerated.
You have razor-sharp teeth.
You have supernaturally acute eyesight. (SInv)
You are afflicted with vampirism.


Message History

A bat is nearby!
A bat is nearby!
The blast of sand hits the bat!
You kill the bat!
You can't see any susceptible monsters within range! (Use Z to cast anyway.)
You can't see any susceptible monsters within range! (Use Z to cast anyway.)
There is a stone staircase leading down here.
c - a scroll labelled GYRUVY ASYLIFA You now have 18 gold pieces.
You open the door.
There is an open door here.
You open the door.
There is an open door here.
A quokka comes into view.
Found a stone staircase leading down.
A quokka is nearby!
A quokka is nearby!
A quokka is nearby!
A quokka is nearby!
Found a ring mail.
The blast of sand hits the quokka!
You kill the quokka!
You can't see any susceptible monsters within range! (Use Z to cast anyway.)
You can't see any susceptible monsters within range! (Use Z to cast anyway.)
A kobold comes into view.
It is wielding a +2 short sword of draining.
Found 2 scrolls labelled DUEBBE VEUT.
A kobold is nearby!
A kobold is nearby!
A kobold is nearby!
The blast of sand hits the kobold.
The kobold is heavily wounded.
The kobold shouts!
The kobold hits you with a +2 short sword of draining.
You feel drained.
The blast of sand misses the kobold.
The kobold hits you with a +2 short sword of draining.
You feel drained.
* * * LOW HITPOINT WARNING * * *
The kobold hits you with a +2 short sword of draining.
You die...

###)..###
#........#
#...#
##########
#...# ##'##
#.#
#.####.###
#........###
######.....#
###@#.#
#..K.†..#
#.......#
#..?...>#
#...[...#
#.......#
#.......#
#........


You could see a kobold.

Vanquished Creatures
  A giant cockroach (D:1)
  A quokka (D:1)
  2 bats (D:1)
4 creatures vanquished.

Notes
Turn   | Place    | Note
-------+----------+-------------------------------------------
     0 | D:1      | cforsyth the Vampire Earth Elementalist began the quest for
                  | the Orb.
     0 | D:1      | Reached XP level 1. HP: 13/13 MP: 3/3
   201 | D:1      | Slain by a kobold

Illustrated notes

Levels and vault maps discovered:
D:1:      minmay_arrival_cross, layout_loops_ring

Action                     || total
---------------------------++-------
  Melee: Unarmed           ||    22
         Bite              ||     1
   Cast: Sandblast         ||     8
 Armour: Robe              ||    15
  Dodge: Dodged            ||    41

Table legend: (Time is in decaauts)
 A = Elapsed time spent in this place.
 B = Non-inter-level travel time spent in this place.
 C = Inter-level travel time spent in this place.
 D = Time resting spent in this place.
 E = Time spent auto-exploring this place.
 F = Levels seen in this place.
 G = Mean time per level.
                   A        B        C        D        E       F      G
               +--------+--------+--------+--------+--------+-----+--------+
         Total |    204 |    204 |      0 |      0 |    156 |   1 |  204.0 |
       Dungeon |    204 |    204 |      0 |      0 |    156 |   1 |  204.0 |
               +--------+--------+--------+--------+--------+-----+--------+

Top non-repeatable levels by time:
     D:1: 204 daAuts
